 Dungeon Crawl Stone Soup version 0.31-a0-1161-g593ecc88b7 (webtiles) character file.

Game seed: 9874927620331871342

2399 Dirtsage the Mimic (level 9, -10/53 HPs)
             Began as an Octopode Shapeshifter on Dec 8, 2023.
             Was a Follower of the Shining One.
             Mangled by a cyan ugly thing (15 damage)
             ... on level 7 of the Dungeon.
             The game lasted 00:20:28 (5879 turns).

Dirtsage the Mimic (Octopode Shapeshifter)          Turns: 5879, Time: 00:20:29

Health: -10/53     AC:  1    Str: 13    XL:     9   Next: 46%
Magic:  9/9        EV: 17    Int: 18    God:    the Shining One [*.....]
Gold:   369        SH:  0    Dex: 16    Spells: 8/8 levels left

rFire   . .          .
                       - Unarmed
rCold   . . .        (shield currently unavailable)
rNeg    + . .        (helmet restricted)
rPois   .            (no amulet)
rElec   .            w - +6 ring of intelligence
rCorr   .            j - +4 ring of slaying
SInv    .            N - ring of positive energy
Will    .....        (no ring)
Stlth   +            (no ring)
HPRegen 0.28/turn    (no ring)
MPRegen 0.11/turn    (no ring)
                     (no ring)

%: no passive effects
@: about to teleport, flux-form, glowing
A: glow, contaminating, almost no armour, amphibious, 8 rings, camouflage 1,
gelatinous body 1, (nimble swimmer 1), tentacles
a: Begin Untransformation, Renounce Religion, Divine Shield


You were on level 7 of the Dungeon.
You worshipped the Shining One.
The Shining One was aware of your devotion.
You were something dangerously unstable.
You visited 2 branches of the dungeon, and saw 8 of its levels.
You also visited: Sewer and Bailey.

You collected 457 gold pieces.
You spent 88 gold pieces at shops.

Inventory:

Missiles
 H - 3 throwing nets
Magical Staves
 f - a staff of death
 E - a staff of fire
Jewellery
 j - a +4 ring of slaying (right tentacle)
 w - a +6 ring of intelligence (left tentacle)
 N - a ring of positive energy (on tentacle)
Talismans
 b - a beast talisman
 c - a flux talisman (active)
 m - a storm talisman
 A - a flux talisman (active)
 C - a granite talisman
Wands
 y - a wand of flame (2) (quivered)
 F - a wand of light (11)
 G - a wand of polymorph (6)
Scrolls
 a - 2 scrolls of fog
 d - 2 scrolls of immolation
 i - a scroll of identify
 k - 2 scrolls of vulnerability
 v - 2 scrolls of revelation {unknown}
 x - a scroll of noise
 z - a scroll of torment
 B - 2 scrolls of blinking {unknown}
 D - a scroll of enchant weapon {unknown}
 I - a scroll of brand weapon {unknown}
Potions
 e - 3 potions of degeneration {unknown}
 h - 2 potions of haste
 l - 3 potions of heal wounds {unknown}
 n - a potion of resistance
 o - 2 potions of might {unknown}
 p - 2 potions of berserk rage {unknown}
 q - 2 potions of invisibility {unknown}
 r - 3 potions of mutation
 s - 2 potions of magic {unknown}
 u - a potion of cancellation


   Skills:
 - Level 1.0 Fighting
 - Level 2.0 Dodging
 - Level 3.0 Unarmed Combat
 * Level 11.8 Shapeshifting


You had 8 spell levels left.
You didn't know any spells.
Your spell library contained the following spells:

 Spells                   Type           Power      Damage    Failure   Level
 Apportation              Tloc           0%         N/A       22%         1
 Necrotise                Necr           0%         1d4       22%         1
 Summon Small Mammal      Summ           0%         N/A       22%         1
 Cigotuvi's Dreadful Rot  Necr/Pois/Air  0%         N/A       32%         2
 Lesser Beckoning         Tloc           0%         N/A       32%         2
 Call Canine Familiar     Summ           0%         N/A       54%         3
 Gell's Gravitas          Tloc           0%         N/A       54%         3
 Ignite Poison            Fire/Tmut/Pois 0%         N/A       54%         3
 Summon Guardian Golem    Hex/Summ       0%         N/A       54%         3
 Teleport Other           Tloc           0%         N/A       54%         3
 Freezing Cloud           Conj/Ice/Air   0%         6-21      99%         5


Dungeon Overview and Level Annotations

Branches:
Dungeon (7/15)             Temple (1/1) D:6           Sewer (visited)
 Bailey (visited)

Altars:
Ashenzari
Cheibriados
Dithmenos
Elyvilon
Fedhas
Gozag
Kikubaaqudgha
Makhleb
Nemelex Xobeh
Okawaru
Qazlal
Ru
Vehumet
Wu Jian
Xom
Yredelemnul
Zin
The Shining One

Shops:
D:3 *

Portals:
Abyss: D:6

Annotations:
D:6 2 transporters, 1 runed translucent door, Crazy Yiuf; Grinder; Vorhees's ghost, novice OpCj


Innate Abilities, Weirdness & Mutations

You are something dangerously unstable.
You glow with magical radiation, making you easy to see and hit.
Foes you strike become dangerously contaminated with magical radiation.
You are incapable of wielding weapons or throwing items.
You cannot wear most types of armour.
You are amphibious.
You can wear up to eight rings at the same time.
Your skin changes colour to match your surroundings (Stealth+).
Your rubbery body absorbs attacks. (AC +1, EV +1)
((You are camouflaged when in or above water. (Stealth+)))
You have tentacles for arms and can constrict up to eight enemies at once.


Message History

You constrict the unseen horror. The unseen horror hits you.
The unseen horror struggles to escape constriction.
The unseen horror closely misses you.
You take 1 damage, and have 37/53 hp.
You tentacle-slap the unseen horror.
The unseen horror glows dangerously bright.
You squeeze the unseen horror.
You kill the unseen horror!
Reactivating autopickup.
You tentacle-slap the vampire.
The vampire begins to glow.
You grab the vampire.
You squeeze the vampire, but do no damage.
The vampire is moderately damaged.
You constrict the vampire. The vampire closely misses you. x2
You tentacle-slap the vampire.
The vampire glows dangerously bright.
You squeeze the vampire, but do no damage.
The vampire is heavily damaged.
You constrict the vampire. The vampire misses you. The vampire bites you.
The vampire draws strength from your injuries!
You take 5 damage, and have 32/53 hp.
You tentacle-slap the vampire but do no damage.
The vampire shudders as magic cascades through it!!
You destroy the vampire!
The Shining One accepts your kill.
As you read the scroll of teleportation, it crumbles to dust.
You feel strangely unstable.
You tentacle-slap the cyan ugly thing.
The cyan ugly thing begins to glow.
You grab the cyan ugly thing.
The cyan ugly thing is lightly wounded.
You constrict the cyan ugly thing. The cyan ugly thing claws you!
The cyan ugly thing shocks you!
* * * LOW HITPOINT WARNING * * *
You take 28 damage, and have 4/53 hp.
MASSIVE DAMAGE!!
Okay, then.
You release your grip on the cyan ugly thing.
The cyan ugly thing attacks as it pursues you!
The cyan ugly thing claws you. The Shining One protects you from harm!
The cyan ugly thing shocks you!
You die... #.#.#.#...#.. #..#.##.# #.#.#.#..##.# ##...##.## ### #.#.#....# #..###.<. ..#####.#..###.## ##.# #.## .......# #. .. # #..##)# #.##..## ?## ##...)# #.# #. ####### #ou

###..)# #.# .##.
###..#).##.# ###..
..##....###.#.#.pu#y#
##
.##...###...#...##.#
....###...#.##..#.#.#
..##....###..#.#.#
#.#
<...###...##.#.##.#
#.# .##...###.#..#.#
#.# #.#
.####...###....# #.#
#.. ## .#
###...###..# #.# .:#
##.. .# ###....####
## #####..#


You could see a cyan ugly thing (contam).

Vanquished Creatures
  An unseen horror (D:7)
  Sigmund (D:6)
  A vampire (D:7)
  2 ogres
  2 phantoms
  2 kobold brigands
  2 bullfrogs (D:6)
  2 scorpions
  3 killer bees (D:7)
  A howler monkey (D:5)
  A jelly (D:7)
  2 orc priests
  3 hounds
  2 sleepcaps
  Terence (D:2)
  5 iguanas
  9 orc wizards
  11 adders
  7 gnolls
  A shadow imp (D:7)
  A white imp (D:6)
  2 worms
  3 dart slugs
  36 orcs
  8 endoplasms
  5 giant cockroaches
  6 hobgoblins
  6 jackals
  2 quokkas
  9 ball pythons
  9 bats
  7 frilled lizards
  11 goblins
  20 kobolds
  14 rats
198 creatures vanquished.

Notes
Turn   | Place    | Note
-------+----------+-------------------------------------------
     0 | D:1      | Dirtsage the Octopode Shapeshifter began the quest for the
                  | Orb.
     0 | D:1      | Reached XP level 1. HP: 13/13 MP: 1/1
   154 | D:1      | Reached XP level 2. HP: 17/18 MP: 2/2
   575 | D:2      | Noticed Terence
   581 | D:2      | Killed Terence
   582 | D:2      | Reached skill level 4 in Shapeshifting
   582 | D:2      | Reached XP level 3. HP: 23/23 MP: 3/3
   832 | D:2      | Reached XP level 4. HP: 28/28 MP: 4/4
  1435 | D:3      | Reached skill level 5 in Shapeshifting
  1465 | D:3      | Found a glowing silver altar of Zin.
  1514 | D:3      | Reached XP level 5. HP: 33/33 MP: 5/5
  1531 | D:3      | Found a glowing drain.
  1583 | Sewer    | Entered a sewer
  1814 | Sewer    | Noticed a kobold brigand
  1818 | Sewer    | Killed a kobold brigand
  2033 | D:3      | Found Moecenom's Assorted Antiques.
  2040 | D:3      | Reached skill level 6 in Shapeshifting
  2058 | D:3      | Bought a scroll labelled INTAKHAKIENT for 22 gold pieces
  2058 | D:3      | Bought a scroll labelled XIH INUOTRY for 22 gold pieces
  2058 | D:3      | Bought a scroll of identify for 44 gold pieces
  2067 | D:3      | Reached XP level 6. HP: 36/38 MP: 6/6
  2166 | D:3      | Found a faded altar of an unknown god.
  2174 | D:3      | Found a snail-covered altar of Cheibriados.
  2540 | D:4      | Reached skill level 7 in Shapeshifting
  2540 | D:4      | Reached XP level 7. HP: 43/43 MP: 7/7
  2879 | D:4      | Found an iron altar of Okawaru.
  2879 | D:4      | Found a radiant altar of Vehumet.
  2879 | D:4      | Found an ancient bone altar of Kikubaaqudgha.
  2879 | D:4      | Found a shadowy altar of Dithmenos.
  2885 | D:4      | Found an opulent altar of Gozag.
  2885 | D:4      | Found a basalt altar of Yredelemnul.
  3117 | D:5      | Entered Level 5 of the Dungeon
  3226 | D:5      | Found an ornate altar of the Wu Jian Council.
  3328 | D:5      | Reached skill level 8 in Shapeshifting
  3587 | D:5      | Reached XP level 8. HP: 38/48 MP: 8/8
  3737 | D:5      | Found a stormy altar of Qazlal.
  4007 | D:6      | Reached skill level 9 in Shapeshifting
  4145 | D:6      | Identified the +0 leather armour "Biorret" {rCorr}
  4173 | D:6      | Found a transporter.
  4247 | D:6      | Found a transporter.
  4275 | D:6      | Found a one-way gate to the infinite horrors of the Abyss.
  4275 | D:6      | Noticed Vorhees's ghost (novice OpCj)
  4293 | D:6      | Found a staircase to the Ecumenical Temple.
  4300 | Temple   | Entered the Ecumenical Temple
  4310 | Temple   | Became a worshipper of the Shining One
  4474 | D:6      | Found a sacrificial altar of Ru.
  4727 | D:6      | Reached skill level 10 in Shapeshifting
  4890 | D:6      | Noticed Sigmund
  4901 | D:6      | Noticed Grinder
  5184 | D:7      | Reached XP level 9. HP: 45/53 MP: 9/9
  5209 | D:7      | Reached skill level 11 in Shapeshifting
  5236 | D:7      | Found a flagged portal.
  5265 | Bailey   | Entered a bailey
  5464 | D:6      | Found a runed translucent door.
  5465 | D:6      | Noticed Crazy Yiuf
  5489 | D:6      | Killed Sigmund
  5866 | D:7      | Noticed an unseen horror
  5870 | D:7      | Noticed a cyan ugly thing
  5871 | D:7      | Reached * piety under the Shining One
  5873 | D:7      | Killed an unseen horror
  5879 | D:7      | The Shining One protects you from harm!
  5879 | D:7      | Mangled by a cyan ugly thing

Illustrated notes

Levels and vault maps discovered:
D:1:      mainiacjoe_arrival_oval_in_oval, layout_rooms, minmay_tromino_mix6
D:2:      layout_rooms, uniq_terence
D:3:      layout_basic, nicolae_overflow_ecumenical_swirl,
          nicolae_overflow_hidden_temple,
          mainiacjoe_sewer_entry_somewhere_in_here_1, serial_shops, shop
D:4:      layout_rooms, minmay_overflow_temple_hex, moated_statue,
          grunt_ministairs_2, minmay_a_box_with_orc_wizards_in_it
D:5:      layout_gridville, nicolae_qazlal_scattered_showers,
          mainiacjoe_overflow_concentric_impassable, amcnicky_mini_pool_small
D:6:      layout_basic, nicolae_ru_awakened_eye,
          minmay_temple_entry_statues_pillars, gammafunk_ghost_abyssal_escape,
          moated_statue, nrook_mini_vaults, serial_park_tiny_pond, st_stairs_3,
          hangedman_decor_points, uniq_grinder, uniq_sigmund,
          uniq_crazy_yiuf_cottage
D:7:      minmay_the_grid_four_pointed_star
          [minmay_the_grid_triangle_9x9_corrupted_corridor,
          minmay_the_grid_triangle_9x9_semitri,
          minmay_the_grid_triangle_9x9_limited_checkers,
          minmay_the_grid_triangle_9x9_pentomino_pain,
          minmay_the_grid_prize_four_corners_diamond_b], layout_loops_ring,
          general_overflow_altar, enter_bailey_3, chequers_serial_rivers_room_b,
          amcnicky_mini_rare_corridor_liquid,
          nicolae_concentric_dashed_squares_mild
Temple:   hellmonk_temple_two_chambers

Skill      XL: |  1  2  3  4  5  6  7  8  9 |
---------------+----------------------------+-----
Shapeshifting  | 4 5 6 7 8 10 11 | 11.8
Fighting       | |  1.0
Dodging        | |  2.0
Unarmed Combat | |  3.0

Action                     |  1- 3 |  4- 6 |  7- 9 || total
---------------------------+-------+-------+-------++-------
  Melee: Unarmed           |    41 |   115 |   236 ||   392
         Tentacles         |     9 |    16 |    69 ||    94
         Constrict         |     6 |    33 |    78 ||   117
         Punch             |       |     5 |       ||     5
  Evoke: Wand              |       |     2 |    17 ||    19
    Use: Potion            |     1 |     2 |       ||     3
         Scroll            |       |     9 |     5 ||    14
   Stab: Sleeping          |     7 |    10 |     1 ||    18
 Armour: Skin              |    11 |    38 |    77 ||   126
  Dodge: Dodged            |    16 |    64 |   141 ||   221
   Form: Flux              |       |       |     1 ||     1

Table legend: (Time is in decaauts)
 A = Elapsed time spent in this place.
 B = Non-inter-level travel time spent in this place.
 C = Inter-level travel time spent in this place.
 D = Time resting spent in this place.
 E = Time spent auto-exploring this place.
 F = Levels seen in this place.
 G = Mean time per level.
                   A        B        C        D        E       F      G
               +--------+--------+--------+--------+--------+-----+--------+
         Total |   5833 |   5509 |    324 |    348 |   3444 |  10 |  583.3 |
       Dungeon |   5429 |   5110 |    319 |    348 |   3201 |   7 |  775.6 |
        Temple |     16 |     11 |      5 |      0 |      0 |   1 |   16.0 |
         Sewer |    354 |    354 |      0 |      0 |    243 |   1 |  354.0 |
        Bailey |     33 |     33 |      0 |      0 |      0 |   1 |   33.0 |
               +--------+--------+--------+--------+--------+-----+--------+

Top non-repeatable levels by time:
     D:6: 1303 daAuts
     D:4: 844 daAuts
     D:5: 796 daAuts
     D:2: 734 daAuts
     D:3: 633 daAuts
     D:7: 600 daAuts
     D:1: 516 daAuts
   Sewer: 354 daAuts
  Bailey: 33 daAuts
  Temple: 16 daAuts
